 Dungeon Crawl Stone Soup version 0.29.1-15-g9cfb28693d (webtiles) character file.

Game seed: 13087035371576643428

13 Eitelfritz the Slasher (level 2, -9/25 HPs)
             Began as a Minotaur Gladiator on Apr 28, 2023.
             Mangled by a gnoll
             ... wielding a +3 halberd
              (12 damage)
             ... on level 1 of the Dungeon.
             The game lasted 00:00:42 (701 turns).

Eitelfritz the Slasher (Minotaur Gladiator)          Turns: 701, Time: 00:00:43

Health: -9/25      AC:  4    Str: 18    XL:     2   Next: 24%
Magic:  1/1        EV: 12    Int:  5    God:
Gold:   42         SH:  0    Dex: 11    Spells: 1/1 levels left

rFire   . . .      SeeInvis .   a - +0 long sword
rCold   . . .      Faith    .   (no shield)
rNeg    . . .      Spirit   .   b - +0 leather armour
rPois   +          Reflect  .   c - +0 hat
rElec   .          Harm     .   j - +0 cloak
rCorr   .          Rampage  .   (no gloves)
Will    .....                   (no boots)
Stlth   +.........              (no amulet)
HPRegen 0.08/turn               g - ring of poison resistance
MPRegen 0.07/turn               (no ring)

@: no status effects
A: horns 2, retaliatory headbutt
a: no special abilities


You were on level 1 of the Dungeon.
You visited 1 branch of the dungeon, and saw 2 of its levels.

You collected 42 gold pieces.

Inventory:

Hand Weapons
 a - a +0 long sword (weapon)
Missiles
 d - 3 throwing nets (quivered)
 e - a javelin
Armour
 b - a +0 leather armour (worn)
 c - a +0 hat (worn)
 j - a +0 cloak (worn)
Jewellery
 g - a ring of poison resistance (left hand)
 i - a ring of positive energy
Scrolls
 h - 5 scrolls of identify {unknown}
 k - a scroll of teleportation {unknown}
 l - a scroll of butterflies {unknown}
Potions
 f - a potion of flight {unknown}
 m - a potion of curing {unknown}


   Skills:
 + Level 2.4 Fighting
 + Level 4.0 Long Blades
 + Level 2.2 Throwing
 + Level 3.6 Dodging


You had one spell level left.
You didn't know any spells.
Your spell library was empty.

Dungeon Overview and Level Annotations

Branches:
Dungeon (2/15)

Altars:


Innate Abilities, Weirdness & Mutations

You have a pair of horns on your head.
You reflexively headbutt those who attack you in melee.


Message History

Found a hand axe.
l - a scroll labelled VANNIZ ZIU
h - 5 scrolls labelled MASMAPTULL (gained 1)
An endoplasm comes into view.
The endoplasm quivers.
You hit the endoplasm. You headbutt the endoplasm.
You kill the endoplasm!
m - a fizzy dark potion
There is a stone staircase leading down here.
You see here a hobgoblin skeleton.
You see here a +0 hand axe.
You see here a +0 spear.
Done exploring.
Done exploring.
You see here a +0 dagger.
There is a stone staircase leading down here.
You climb downwards.
The gnoll shouts! x3
Found a spear.
Found a stone staircase leading up.
There is a stone staircase leading up here.
The gnoll hits you with a +3 halberd! The gnoll misses you.
You furiously retaliate!
You headbutt the gnoll, but do no damage.
You climb upwards.
There is a stone staircase leading down here.
You hit the gnoll.
You headbutt the gnoll, but do no damage.
The gnoll is moderately wounded.
The gnoll misses you. The gnoll closely misses you.
You closely miss the gnoll.
The gnoll is moderately wounded.
The gnoll hits you with a +3 halberd! The gnoll hits you with a +0 flail.
You hit the gnoll but do no damage. Your headbutt misses the gnoll.
The gnoll is moderately wounded.
The gnoll barely misses you. The gnoll hits you with a +0 flail!
* * * LOW HITPOINT WARNING * * *
You hit the gnoll but do no damage. Your headbutt misses the gnoll.
The gnoll is moderately wounded.
The gnoll hits you with a +3 halberd!
You die...

##.###.....#
#########.#.##.....######
#........###............#
#.#######.#.##.....####.# ###
#.# ##.###.....####.# ##.## #.#
#######......#.###.#.# #.#
#.................. #.#
#g........#####...# #.#
#.@#......# ##.## #.#
#g.#......# #.# #.# #..#.######
#.# #.###########....##### #.#
#.##.................#######.##
#.##.########...####.##....÷.÷.
#.##.# #..## #.##.####...
#.##.# #.## #.##.# #..# #.##.#
#.# #.##.# #..#


You could see 2 gnolls.

Vanquished Creatures
  An endoplasm (D:1)
  2 giant cockroaches (D:1)
  A goblin (D:1)
  A hobgoblin (D:1)
  2 kobolds (D:1)
  A quokka (D:1)
  3 frilled lizards (D:1)
  A rat (D:1)
12 creatures vanquished.

Notes
Turn   | Place    | Note
-------+----------+-------------------------------------------
     0 | D:1      | Eitelfritz the Minotaur Gladiator began the quest for the
                  | Orb.
     0 | D:1      | Reached XP level 1. HP: 18/18 MP: 0/0
   279 | D:1      | Reached XP level 2. HP: 25/25 MP: 1/1
   329 | D:1      | Found a faded altar of an unknown god.
   331 | D:1      | Reached skill level 4 in Long Blades
   701 | D:1      | Mangled by a gnoll

Illustrated notes

Levels and vault maps discovered:
D:1:      dpeg_arrival_stone_temple_mockup, layout_loops_ring,
          basic_ecumenical_altar
D:2:      layout_loops_corners, minmay_misc_feat_encased, nicolae_titane,
          uniq_jessica

Skill      XL: |  1  2 |
---------------+-------+-----
Long Blades    | 4 |  4.0
Fighting       | |  2.4
Throwing       | |  2.2
Dodging        | |  3.6

Action                   || total
-------------------------++-------
Melee: Long sword        ||    29
       Headbutt          ||     3
 Stab: Sleeping          ||     1
Armor: Leather armour    ||     8
Dodge: Dodged            ||    18
